PIO (24 & UNDER)
SURREY SINNERS @ JASPER COUGARS
07/18/2028
 
TOP OF THE 1ST
Surrey Sinners batting - Pitching for Jasper Cougars : RHP Juan Arreola
Pitching: RHP Juan Arreola
Batting: RHB Jason Nava 0-0: Called Strike
0-1: Called Strike
0-2: Ground out 5-3 (Groundball, 56)
Batting: RHB Mitchell Darragh 0-0: Ball
1-0: Foul Ball, location: 2F
1-1: Ball
2-1: Foul Ball, location: 2F
2-2: Strikes out swinging
Batting: SHB António Ramos 0-0: SINGLE (Line Drive, 4D)
Batting: RHB Jamie Swyers 0-0: Ball
António Ramos steals 2nd base
1-0: Foul Ball, location: 2F
1-1: Foul Ball, location: 2F
1-2: Ground out 6-3 (Groundball, 6)
Top of the 1st over - 0 run(s), 1 hit(s), 0 error(s), 1 left on base; Surrey 0 - Jasper 0
BOTTOM OF THE 1ST
Jasper Cougars batting - Pitching for Surrey Sinners : LHP Jason Reece
Pitching: LHP Jason Reece
Batting: RHB Juan Carlos 0-0: Ball
1-0: Ball
2-0: Ball
3-0: Base on Balls
Batting: RHB Ben Wilson 0-0: Ball
1-0: Ball
2-0: Ball
3-0: Base on Balls
Juan Carlos to second
Batting: LHB Jon Rogers 0-0: Ball
1-0: SINGLE (Line Drive, 7LM)
Juan Carlos to third
Ben Wilson to second
Runner from 3rd tries for Home, SAFE, no throw
Batting: RHB Bob Cole 0-0: Ball
1-0: Called Strike
1-1: Ball
2-1: Ball
3-1: Foul Ball, location: 2F
3-2: Base on Balls
Ben Wilson to third
Jon Rogers to second
Batting: LHB John Stone 0-0: Ball
1-0: Swinging Strike
1-1: Ball
2-1: Grounds into double play, 1-2-3 (Groundball, P)
Jon Rogers to third
Bob Cole to second
Batting: LHB Darren Holland 0-0: Ball
1-0: Foul Ball, location: 2F
1-1: SINGLE (Flyball, 7S)
Jon Rogers scores
Bob Cole to third
Runner from 3rd tries for Home, SAFE, no throw
Batting: SHB Kel Davis 0-0: Called Strike
0-1: Called Strike
0-2: Strikes out swinging, 2-3 out at first.
Bottom of the 1st over - 3 run(s), 2 hit(s), 0 error(s), 1 left on base; Surrey 0 - Jasper 3
TOP OF THE 2ND
Surrey Sinners batting - Pitching for Jasper Cougars : RHP Juan Arreola
Batting: RHB Roberto Ybarra 0-0: Foul Ball, location: 2F
0-1: Ball
1-1: Ball
2-1: Swinging Strike
2-2: Strikes out swinging
Batting: RHB John Stevens 0-0: Called Strike
0-1: Foul Ball, location: 2F
0-2: Strikes out swinging
Batting: SHB Norberto Muńóz 0-0: Called Strike
0-1: Swinging Strike
0-2: Ball
1-2: Ball
2-2: Ball
3-2: Base on Balls
Batting: RHB Robert Koremans 0-0: Ball
1-0: Ball
2-0: Ball
3-0: Base on Balls
Norberto Muńóz to second
Batting: LHB Jorge Martínez 0-0: Ball
1-0: Ball
2-0: Ground out U3 (Groundball, 34)
Top of the 2nd over - 0 run(s), 0 hit(s), 0 error(s), 2 left on base; Surrey 0 - Jasper 3
BOTTOM OF THE 2ND
Jasper Cougars batting - Pitching for Surrey Sinners : LHP Jason Reece
Batting: LHB Tony Beck 0-0: Ground out 4-3 (Groundball, 4)
Batting: RHB Scott McGuire 0-0: Ball
1-0: Ball
2-0: Ball
3-0: Foul Ball, location: 2F
3-1: Base on Balls
Batting: RHB Juan Carlos 0-0: Called Strike
0-1: Called Strike
0-2: Ball
1-2: Grounds into double play, 1-6-3 (Groundball, 13S)
Bottom of the 2nd over - 0 run(s), 0 hit(s), 0 error(s), 0 left on base; Surrey 0 - Jasper 3
TOP OF THE 3RD
Surrey Sinners batting - Pitching for Jasper Cougars : RHP Juan Arreola
Batting: RHB Jason Nava 0-0: Swinging Strike
0-1: Ground out 4-3 (Groundball, 4)
Batting: RHB Mitchell Darragh 0-0: Fly out, F8 (Flyball, 8LM)
Batting: SHB António Ramos 0-0: Ball
1-0: Ball
2-0: Fly out, F3 (Line Drive, 3)
Top of the 3rd over - 0 run(s), 0 hit(s), 0 error(s), 0 left on base; Surrey 0 - Jasper 3
BOTTOM OF THE 3RD
Jasper Cougars batting - Pitching for Surrey Sinners : LHP Jason Reece
Batting: RHB Ben Wilson 0-0: Swinging Strike
0-1: Called Strike
0-2: Strikes out swinging
Batting: LHB Jon Rogers 0-0: SINGLE (Groundball, 4MS) (infield hit)
Batting: RHB Bob Cole 0-0: Ball
1-0: Foul Ball, location: 2F
1-1: Ball
2-1: Foul Ball, location: 2F
2-2: Ground out 6-3 (Groundball, 6)
Jon Rogers to second
Batting: LHB John Stone 0-0: Fly out, F8 (Flyball, 8LM)
Bottom of the 3rd over - 0 run(s), 1 hit(s), 0 error(s), 1 left on base; Surrey 0 - Jasper 3
TOP OF THE 4TH
Surrey Sinners batting - Pitching for Jasper Cougars : RHP Juan Arreola
Batting: RHB Jamie Swyers 0-0: Ball
1-0: Foul Ball, location: 2F
1-1: Ball
2-1: Reached on error, E5 (Groundball, 56S)
Batting: RHB Roberto Ybarra 0-0: Ball
1-0: Called Strike
1-1: Ball
2-1: Foul Ball, location: 2F
2-2: Ball
3-2: Foul Ball, location: 2F
3-2: Foul Ball, location: 2F
3-2: Base on Balls
Batting: RHB John Stevens 0-0: Swinging Strike
0-1: Foul Ball, location: 2F
0-2: Foul Ball, location: 2F
0-2: Ball
1-2: Strikes out looking
Batting: SHB Norberto Muńóz 0-0: Ball
1-0: Ball
2-0: Foul Ball, location: 2F
2-1: Called Strike
2-2: Foul Ball, location: 2F
2-2: Foul Ball, location: 2F
2-2: Foul Ball, location: 2F
2-2: Strikes out swinging
Batting: RHB Robert Koremans 0-0: Fly out, F4 (Popup, 34)
Top of the 4th over - 0 run(s), 0 hit(s), 1 error(s), 2 left on base; Surrey 0 - Jasper 3
BOTTOM OF THE 4TH
Jasper Cougars batting - Pitching for Surrey Sinners : LHP Jason Reece
Batting: LHB Darren Holland 0-0: Fly out, F4 (Popup, 4D)
Batting: SHB Kel Davis 0-0: Ball
1-0: Ball
2-0: Foul Ball, location: 2F
2-1: Ball
3-1: Called Strike
3-2: Strikes out looking
Batting: LHB Tony Beck 0-0: Called Strike
0-1: Fly out, F9 (Line Drive, 9)
Bottom of the 4th over - 0 run(s), 0 hit(s), 0 error(s), 0 left on base; Surrey 0 - Jasper 3
TOP OF THE 5TH
Surrey Sinners batting - Pitching for Jasper Cougars : RHP Juan Arreola
Batting: LHB Jorge Martínez 0-0: Swinging Strike
0-1: Ball
1-1: Swinging Strike
1-2: Ball
2-2: Foul Ball, location: 2F
2-2: Foul Ball, location: 2F
2-2: Strikes out looking
Batting: RHB Jason Nava 0-0: Called Strike
0-1: Ball
1-1: SINGLE (Groundball, 4D)
Batting: RHB Mitchell Darragh 0-0: Called Strike
0-1: Foul Ball, location: 2F
0-2: SINGLE (Groundball, 6M) (infield hit)
Jason Nava to second
Batting: SHB António Ramos 0-0: Called Strike
Jason Nava steals 3rd base
Mitchell Darragh to second
0-1: Ball
1-1: Called Strike
1-2: Foul Ball, location: 2F
1-2: Ball
2-2: SINGLE (Groundball, 6D)
Jason Nava scores
Mitchell Darragh to third
Runner from 3rd tries for Home, SAFE, no throw
Pitching: LHP Robert Williams
Batting: RHB Jamie Swyers 0-0: Ball
1-0: Swinging Strike
1-1: SINGLE (Groundball, 34S) (infield hit)
António Ramos to second
Batting: RHB Roberto Ybarra 0-0: Ball
1-0: Fly out, F8 (Flyball, 8LXD)
Runner from 2nd tags up, SAFE at 3rd, no throw
Batting: RHB John Stevens 0-0: Ball
1-0: Swinging Strike
1-1: Foul Ball, location: 2F
1-2: Hit by Pitch
Jamie Swyers to second
Batting: SHB Norberto Muńóz 0-0: Ball
1-0: Foul Ball, location: 2F
1-1: Ball
2-1: Foul Ball, location: 2F
2-2: Ball
3-2: SINGLE (Groundball, 56D)
António Ramos scores
Jamie Swyers to third
John Stevens to second
Jamie Swyers scores
John Stevens to third
Batting: RHB Robert Koremans 0-0: Ball
1-0: Swinging Strike
1-1: Called Strike
1-2: Ball
2-2: Ball
3-2: Base on Balls
Norberto Muńóz to second
Batting: LHB Jorge Martínez 0-0: Ball
1-0: Swinging Strike
1-1: Foul Ball, location: 2F
1-2: Strikes out swinging
Top of the 5th over - 4 run(s), 5 hit(s), 0 error(s), 3 left on base; Surrey 4 - Jasper 3
BOTTOM OF THE 5TH
Jasper Cougars batting - Pitching for Surrey Sinners : LHP Jason Reece
Batting: RHB Scott McGuire 0-0: Foul Ball, location: 2F
0-1: Ball
1-1: Ball
2-1: SINGLE (Line Drive, 89S)
Batting: RHB Juan Carlos 0-0: Ball
1-0: SINGLE (Line Drive, 6M)
Scott McGuire to second
Batting: RHB Ben Wilson 0-0: Fly out, F7 (Flyball, 7)
Batting: LHB Jon Rogers 0-0: 3-RUN HOME RUN (Flyball, 9D), Distance : 363 ft
Pitching: RHP Doug Spencer
Batting: RHB Bob Cole 0-0: Foul Ball, location: 2F
0-1: Foul Ball, location: 2F
0-2: Ball
1-2: Ball
2-2: Ground out 6-3 (Groundball, 6)
Batting: LHB John Stone 0-0: Ball
1-0: Ball
2-0: Ball
3-0: Called Strike
3-1: Base on Balls
Batting: LHB Darren Holland 0-0: Ball
1-0: Ball
Wild Pitch!
John Stone to second
2-0: Called Strike
2-1: Ball
3-1: Swinging Strike
3-2: Foul Ball, location: 2F
3-2: Base on Balls
Batting: SHB Kel Davis 0-0: Ball
1-0: Ball
2-0: Ball
3-0: Called Strike
3-1: Fly out, F9 (Line Drive, 89M)
Bottom of the 5th over - 3 run(s), 3 hit(s), 0 error(s), 2 left on base; Surrey 4 - Jasper 6
TOP OF THE 6TH
Surrey Sinners batting - Pitching for Jasper Cougars : LHP Robert Williams
Batting: RHB Jason Nava 0-0: Ball
1-0: Ball
2-0: Ball
3-0: Called Strike
3-1: Base on Balls
Batting: RHB Mitchell Darragh 0-0: Swinging Strike
Pickoff Throw by Catcher to First - Error! E2
Jason Nava to second
0-1: Foul Ball, location: 2F
0-2: Ball
1-2: Ball
2-2: Ball
3-2: Base on Balls
Batting: SHB António Ramos 0-0: Called Strike
0-1: Called Strike
0-2: Strikes out swinging
Batting: RHB Jamie Swyers 0-0: Ball
1-0: Ball
2-0: Ball
3-0: Base on Balls
Jason Nava to third
Mitchell Darragh to second
Batting: RHB Roberto Ybarra 0-0: Swinging Strike
0-1: Called Strike
0-2: SINGLE (Groundball, 6MD)
Jason Nava scores
Mitchell Darragh to third
Jamie Swyers to second
Runner from 3rd tries for Home, SAFE, no throw
Pitching: LHP Martín Marino
Batting: RHB John Stevens 0-0: Ball
1-0: Fly out, F5 (Line Drive, 56S)
Batting: SHB Norberto Muńóz 0-0: Called Strike
0-1: Foul Ball, location: 2F
0-2: Ball
1-2: Ball
2-2: Ball
3-2: SINGLE (Line Drive, 6MD)
Jamie Swyers to third
Roberto Ybarra to second
Jamie Swyers scores
Roberto Ybarra to third
Batting: RHB Robert Koremans 0-0: Ball
1-0: Ball
2-0: Called Strike
2-1: Ball
3-1: Base on Balls
Norberto Muńóz to second
Batting: LHB Jorge Martínez 0-0: Swinging Strike
0-1: Foul Ball, location: 2F
0-2: Foul Ball, location: 2F
0-2: Strikes out swinging
Top of the 6th over - 3 run(s), 2 hit(s), 1 error(s), 3 left on base; Surrey 7 - Jasper 6
BOTTOM OF THE 6TH
Jasper Cougars batting - Pitching for Surrey Sinners : RHP Doug Spencer
Batting: LHB Tony Beck 0-0: Swinging Strike
0-1: Ball
1-1: Reached via error on a dropped throw, E1
Batting: RHB Scott McGuire 0-0: Ball
1-0: Ball
2-0: Grounds into double play, 6-4-3 (Groundball, 6)
Batting: RHB Juan Carlos 0-0: Ball
1-0: SINGLE (Line Drive, 9S)
Batting: RHB Ben Wilson 0-0: Ball
1-0: Swinging Strike
1-1: Called Strike
1-2: Foul Ball, location: 2F
1-2: Strikes out looking
Bottom of the 6th over - 0 run(s), 1 hit(s), 1 error(s), 1 left on base; Surrey 7 - Jasper 6
TOP OF THE 7TH
Surrey Sinners batting - Pitching for Jasper Cougars : LHP Martín Marino
Batting: RHB Jason Nava 0-0: Ball
1-0: Ball
2-0: Ball
3-0: Base on Balls
Batting: RHB Mitchell Darragh 0-0: Foul Ball, location: 2F
0-1: Bunted foul
0-2: Ground out 5-3 (Groundball, 56)
Jason Nava to second
Pinch Hitting: RHB Jorge Barrios 0-0: Called Strike
Jason Nava steals 3rd base
0-1: Called Strike
0-2: Fly out, F9 (Flyball, 9LMF)
Runner from 3rd tags up, SCORES, no throw
Batting: RHB Jamie Swyers 0-0: Called Strike
0-1: Ball
1-1: Ball
2-1: Ball
3-1: Called Strike
3-2: Foul Ball, location: 2F
3-2: Base on Balls
Batting: RHB Roberto Ybarra 0-0: Ball
1-0: Called Strike
1-1: Ball
2-1: Called Strike
2-2: Foul Ball, location: 2F
2-2: Fielders Choice at 2nd, 5-4 (Groundball, 5)
Top of the 7th over - 1 run(s), 0 hit(s), 0 error(s), 0 left on base; Surrey 8 - Jasper 6
BOTTOM OF THE 7TH
Jasper Cougars batting - Pitching for Surrey Sinners : RHP Doug Spencer
Now in CF: Jason McIntosh
Batting: LHB Jon Rogers 0-0: Called Strike
0-1: Foul Ball, location: 2F
0-2: Ball
1-2: SINGLE (Flyball, 8LS)
Batting: RHB Bob Cole 0-0: Ball
Jon Rogers steals 2nd base
1-0: Called Strike
1-1: Ground out 6-3 (Groundball, 6)
Jon Rogers to third
Pitching: LHP Werner Corona
Batting: LHB John Stone 0-0: Called Strike
0-1: Ground out 4-3 (Groundball, 4)
Jon Rogers scores
Pitching: LHP Dalton Hayes
Batting: LHB Darren Holland 0-0: Ground out U3 (Groundball, 3)
Bottom of the 7th over - 1 run(s), 1 hit(s), 0 error(s), 0 left on base; Surrey 8 - Jasper 7
TOP OF THE 8TH
Surrey Sinners batting - Pitching for Jasper Cougars : LHP Martín Marino
Batting: RHB John Stevens 0-0: Ball
1-0: Fly out, F8 (Flyball, 8RM)
Batting: SHB Norberto Muńóz 0-0: Swinging Strike
0-1: Foul Ball, location: 2F
0-2: Strikes out looking
Batting: RHB Robert Koremans 0-0: Called Strike
0-1: Foul Ball, location: 2F
0-2: Ball
1-2: Ball
2-2: Ball
3-2: Strikes out looking
Top of the 8th over - 0 run(s), 0 hit(s), 0 error(s), 0 left on base; Surrey 8 - Jasper 7
BOTTOM OF THE 8TH
Jasper Cougars batting - Pitching for Surrey Sinners : LHP Dalton Hayes
Pitching: LHP Clarence Gill
Batting: SHB Kel Davis 0-0: Called Strike
0-1: Ball
1-1: Ball
2-1: Swinging Strike
2-2: Strikes out swinging
Batting: LHB Tony Beck 0-0: Ball
1-0: Foul Ball, location: 2F
1-1: Swinging Strike
1-2: SINGLE (Line Drive, 9S)
Pitching: RHP Mike Alexander
Pinch Hitting: SHB Lonnie Washington 0-0: Ball
1-0: Foul Ball, location: 2F
1-1: Ball
2-1: Fielders Choice at 2nd, 4-6 (Groundball, 34)
Batting: RHB Juan Carlos 0-0: Ball
1-0: Fly out, F9 (Flyball, 9S)
Bottom of the 8th over - 0 run(s), 1 hit(s), 0 error(s), 1 left on base; Surrey 8 - Jasper 7
TOP OF THE 9TH
Surrey Sinners batting - Pitching for Jasper Cougars : LHP Martín Marino
Now at SS: Lonnie Washington
Batting: LHB Jorge Martínez 0-0: Ball
1-0: Ball
2-0: Ball
3-0: Called Strike
3-1: Fly out, F9 (Flyball, 9S)
Batting: RHB Jason Nava 0-0: Ground out 4-3 (Groundball, 4)
Batting: RHB Mitchell Darragh 0-0: Ball
1-0: Swinging Strike
1-1: Called Strike
1-2: Foul Ball, location: 2F
1-2: Strikes out swinging
Top of the 9th over - 0 run(s), 0 hit(s), 0 error(s), 0 left on base; Surrey 8 - Jasper 7
BOTTOM OF THE 9TH
Jasper Cougars batting - Pitching for Surrey Sinners : RHP Mike Alexander
Pitching: LHP Miguel Pazo
Now at SS: Juan Velázquez
Batting: RHB Ben Wilson 0-0: Ball
1-0: Ball
2-0: Called Strike
2-1: Called Strike
2-2: Ball
3-2: Foul Ball, location: 2F
3-2: DOUBLE (Line Drive, 8RD)
Pinch Hitting: RHB José Maldonado 0-0: Ball
1-0: Swinging Strike
1-1: SINGLE (Groundball, 34D)
Ben Wilson to third
Runner from 3rd tries for Home, SAFE, no throw
Pinch Runner at 1st Michael Miller:
Batting: RHB Bob Cole 0-0: Fly out, F8 (Flyball, 8LS)
Batting: LHB John Stone 0-0: Ball
1-0: Ball
2-0: Called Strike
2-1: Called Strike
Michael Miller is caught stealing 2nd base
2-2: Ball
3-2: Ground out 6-3 (Groundball, 6)
Bottom of the 9th over - 1 run(s), 2 hit(s), 0 error(s), 0 left on base; Surrey 8 - Jasper 8
TOP OF THE 10TH
Surrey Sinners batting - Pitching for Jasper Cougars : LHP Martín Marino
Now in RF: Michael Miller
Batting: RHB Jason McIntosh 0-0: Ball
1-0: Foul Ball, location: 2F
1-1: Called Strike
1-2: Ball
2-2: Strikes out swinging
Pinch Hitting: RHB Marcos Lińares 0-0: Swinging Strike
0-1: Fly out, F6 (Popup, 6)
Batting: RHB Roberto Ybarra 0-0: Swinging Strike
0-1: Foul Ball, location: 2F
0-2: Strikes out looking
Top of the 10th over - 0 run(s), 0 hit(s), 0 error(s), 0 left on base; Surrey 8 - Jasper 8
BOTTOM OF THE 10TH
Jasper Cougars batting - Pitching for Surrey Sinners : LHP Miguel Pazo
Now at SS: Clarence Harrison
Pinch Hitting: RHB Andrew Weatherly 0-0: Foul Ball, location: 2F
0-1: Ball
1-1: Called Strike
1-2: Strikes out swinging
Pinch Hitting: RHB Charles Lewis 0-0: Ball
1-0: Foul Ball, location: 2F
1-1: Ground out 6-3 (Groundball, 6)
Batting: LHB Tony Beck 0-0: Ball
1-0: Ball
2-0: Ball
3-0: Called Strike
3-1: Foul Ball, location: 2F
3-2: Strikes out swinging
Bottom of the 10th over - 0 run(s), 0 hit(s), 0 error(s), 0 left on base; Surrey 8 - Jasper 8
TOP OF THE 11TH
Surrey Sinners batting - Pitching for Jasper Cougars : LHP Martín Marino
Now at 3B: Charles Lewis
Now in LF: Andrew Weatherly
Batting: RHB John Stevens 0-0: Ball
1-0: Foul Ball, location: 2F
1-1: Foul Ball, location: 2F
1-2: Fly out, F9 (Flyball, 9S)
Batting: SHB Norberto Muńóz 0-0: Foul Ball, location: 2F
0-1: Foul Ball, location: 2F
0-2: Ball
1-2: Strikes out looking
Pinch Hitting: LHB Juan Hinojosa 0-0: Foul Ball, location: 2F
0-1: Swinging Strike
0-2: Foul Ball, location: 2F
0-2: Ball
1-2: Strikes out swinging
Top of the 11th over - 0 run(s), 0 hit(s), 0 error(s), 0 left on base; Surrey 8 - Jasper 8
BOTTOM OF THE 11TH
Jasper Cougars batting - Pitching for Surrey Sinners : LHP Miguel Pazo
Pitching: RHP Pedro Luque
Now at C: Mauro Paredes
Batting: SHB Lonnie Washington 0-0: Ball
1-0: Ball
2-0: Called Strike
2-1: Foul Ball, location: 2F
2-2: Ball
3-2: Ground out 6-3 (Groundball, 6)
Batting: RHB Juan Carlos 0-0: Called Strike
0-1: Ball
1-1: Swinging Strike
1-2: Ball
2-2: Strikes out swinging
Batting: RHB Ben Wilson 0-0: Ball
1-0: Foul Ball, location: 2F
1-1: Ball
2-1: Ball
3-1: Fly out, F4 (Line Drive, 4)
Bottom of the 11th over - 0 run(s), 0 hit(s), 0 error(s), 0 left on base; Surrey 8 - Jasper 8
TOP OF THE 12TH
Surrey Sinners batting - Pitching for Jasper Cougars : LHP Martín Marino
Batting: LHB Jorge Martínez 0-0: Ball
1-0: Ball
2-0: Ball
3-0: Base on Balls
Pinch Hitting: LHB Iván Espinosa 0-0: Ball
1-0: Ball
2-0: Foul Ball, location: 2F
2-1: Called Strike
2-2: Strikes out looking
Pitching: LHP Ángel Gonzáles
Batting: RHB Mitchell Darragh 0-0: Ball
1-0: Called Strike
1-1: Swinging Strike
1-2: Ground out 5-3 (Groundball, 5)
Jorge Martínez to second
Batting: RHB Jason McIntosh 0-0: Ball
Wild Pitch!
Jorge Martínez to third
1-0: Called Strike
1-1: Ground out 6-3 (Groundball, 56)
Top of the 12th over - 0 run(s), 0 hit(s), 0 error(s), 1 left on base; Surrey 8 - Jasper 8
BOTTOM OF THE 12TH
Jasper Cougars batting - Pitching for Surrey Sinners : RHP Pedro Luque
Now at 2B: Félix Carbajal
Batting: SHB Michael Miller 0-0: Ground out 6-3 (Groundball, 6)
Batting: RHB Bob Cole 0-0: Called Strike
0-1: Ball
1-1: Foul Ball, location: 2F
1-2: Ground out 5-3 (Groundball, 5L)
Batting: LHB John Stone 0-0: Foul Ball, location: 2F
0-1: Foul Ball, location: 2F
0-2: Ball
1-2: Fly out, F7 (Flyball, 7D)
Bottom of the 12th over - 0 run(s), 0 hit(s), 0 error(s), 0 left on base; Surrey 8 - Jasper 8
TOP OF THE 13TH
Surrey Sinners batting - Pitching for Jasper Cougars : LHP Ángel Gonzáles
Batting: RHB Clarence Harrison 0-0: Swinging Strike
0-1: Foul Ball, location: 2F
0-2: Strikes out looking
Batting: RHB Roberto Ybarra 0-0: Swinging Strike
0-1: Ball
1-1: Ball
2-1: Fly out, F8 (Flyball, 8RM)
Batting: RHB John Stevens 0-0: Foul Ball, location: 2F
0-1: Ball
1-1: Called Strike
1-2: Foul Ball, location: 2F
1-2: Fly out, F4 (Line Drive, 4)
Top of the 13th over - 0 run(s), 0 hit(s), 0 error(s), 0 left on base; Surrey 8 - Jasper 8
BOTTOM OF THE 13TH
Jasper Cougars batting - Pitching for Surrey Sinners : RHP Pedro Luque
Batting: RHB Andrew Weatherly 0-0: Ball
1-0: Swinging Strike
1-1: Ball
2-1: Ball
3-1: Swinging Strike
3-2: Foul Ball, location: 2F
3-2: Foul Ball, location: 2F
3-2: Foul Ball, location: 2F
3-2: Foul Ball, location: 2F
3-2: Base on Balls
Batting: RHB Charles Lewis 0-0: Bunted foul
0-1: Ball
1-1: Sac Bunt - play at first, batter OUT! 1-4
Andrew Weatherly to second
Batting: LHB Tony Beck 0-0: Ball
1-0: Foul Ball, location: 2F
1-1: Fly out, F9 (Flyball, 9)
Batting: SHB Lonnie Washington 0-0: Ball
1-0: Foul Ball, location: 2F
1-1: DOUBLE (Line Drive, 9LM)
Andrew Weatherly scores
Tuesday, August 8th, 2017 - OOTP Baseball 17.12 Build 75